 Dungeon Crawl Stone Soup version 0.22-a0-196-gee22f27 (webtiles) character file.

27 Mosozago the Skirmisher (level 3, -1/40 HPs)
             Began as an Ogre Berserker on Feb 17, 2018.
             Was a Follower of Trog.
             Slain by a worker ant (4 damage)
             ... on level 2 of the Dungeon.
             The game lasted 00:14:12 (1497 turns).

Mosozago the Skirmisher (Ogre Berserker)            Turns: 1497, Time: 00:14:12

Health: -1/40      AC:  3    Str: 20 (21) XL:     3   Next: 10%
Magic:  3/3        EV: 10    Int:  7 (8)  God:    Trog [*.....]
Gold:   15         SH:  0    Dex:  8 (9)  Spells: 2/2 levels left

rFire    . . .     SeeInvis .   a - +0 mace
rCold    . . .     Gourm    .   (no shield)
rNeg     . . .     Faith    .   y - +0 robe
rPois    .         Spirit   .   (helmet restricted)
rElec    .         Reflect  .   (no cloak)
rCorr    .         Harm     .   (gloves unavailable)
MR       .....                  (boots unavailable)
Stlth    +.........             (no amulet)
HPRegen  0.13/turn              (no ring)
MPRegen  0.08/turn              (no ring)

@: lethally poisoned (-1 -> -8)
A: large, unfitting armour, tough skin 1
a: Berserk, Burn Spellbooks, Renounce Religion


You were on level 2 of the Dungeon.
You worshipped Trog.
Trog was aware of your devotion.
You were very full.

You visited 1 branch of the dungeon, and saw 2 of its levels.

You collected 15 gold pieces.

Inventory:

Hand Weapons
 a - a +0 mace (weapon)
 e - a +0 short sword
 j - a +0 spear
 k - a +0 club
 m - a +0 hand axe
 n - a +2 dagger of venom
 p - a +0 dagger
 s - a +0 mace
Missiles
 d - 33 poisoned needles
 f - 49 stones (quivered)
Armour
 b - a +0 animal skin
 q - a +0 robe
 w - a +0 leather armour
 x - a +0 ring mail
 y - a +0 robe (worn)
Potions
 g - a potion of might {unknown}
 l - a potion of curing {unknown}
 o - a potion of mutation {unknown}
 v - a potion of brilliance {unknown}
Comestibles
 c - a ration


   Skills:
 + Level 4.5 Fighting
 + Level 3.0 Maces & Flails
 + Level 3.1 Dodging


You had 2 spell levels left.
You didn't know any spells.

Dungeon Overview and Level Annotations

Branches:
Dungeon (2/15)

Altars:


Innate Abilities, Weirdness & Mutations

You are too large for most types of armour.
You have tough skin. (AC +1)


Message History

The worker ant bites you.
You are more poisoned.
The worker ant poisons you! The frilled lizard misses you.
You feel sick.
You feel sick.
It was a potion of degeneration.
There was something very wrong with that liquid.
You feel weakened.
You feel dopey.
You feel clumsy.
You feel sick. The worker ant bites you.
* * * LOW HITPOINT WARNING * * *
As you read the scroll labeled BYKKOR HOAC, it crumbles to dust.
It is a scroll of amnesia.
You feel forgetful for a moment.
You feel sick. The worker ant bites you.
* * * LOW HITPOINT WARNING * * *
* * * LOW HITPOINT WARNING * * *
You feel sick. The worker ant misses you.
Unknown command.
* * * LOW HITPOINT WARNING * * *
You feel sick. The worker ant bites you.
You die...

### ##.## #.#.##
.###.## ...##.# .#.#.##
#...##############
##...............#
..........######@#
###.###.#.# #a## #.#
#....# #r.# #.# #.....#
##.# #.# .(.....# #l#
#.#.........#..)....$.#
..#.............#####.#
# ....#.#.# # ... #....


You could see a worker ant, a frilled lizard and a rat.

Vanquished Creatures
  An ooze (D:1)
  A leopard gecko (D:1)
  A goblin (D:2)
  5 hobgoblins (D:1)
  3 kobolds (D:1)
  6 bats (D:1)
  3 frilled lizards (D:1)
  A rat (D:1)
21 creatures vanquished.

Notes
Turn   | Place    | Note
-------+----------+-------------------------------------------
     0 | D:1      | Mosozago the Ogre Berserker began the quest for the Orb.
     0 | D:1      | Reached XP level 1. HP: 24/24 MP: 1/1
   204 | D:1      | Reached XP level 2. HP: 28/32 MP: 2/2
   834 | D:1      | Reached XP level 3. HP: 27/40 MP: 3/3
  1497 | D:2      | Slain by a worker ant

Vault maps used:
D:1:      lemuel_arrival_room
D:2:      minivault_26

Skill      XL: |  1  2 |
---------------+-------+-----
Maces & Flails | 3 |  3.0
Dodging        | 3 |  3.1
Fighting       | |  4.5

Action                   || total
-------------------------++-------
Melee: Mace              ||    69
  Use: Scroll            ||     4
       Potion            ||     1
  Eat: Ration            ||     3
Armor: Animal skin       ||    59
       Robe              ||     4
Dodge: Dodged            ||   116

Table legend:
 A = Spawn XP
 B = Non-spawn XP
 C = Spawn XP percentage of total XP
 D = Spawn monster count
 E = Non-spawn monster count
 F = Spawn count percentage of total count
 G = Total turns spent on level
                    A         B        C        D         E        F      G
               +---------+---------+-------+---------+---------+-------+---------
         Total |       0 |      39 |   0.0 |       0 |      21 |   0.0 |  1497
               +---------+---------+-------+---------+---------+-------+---------
           D:1 |       0 |      37 |   0.0 |       0 |      20 |   0.0 |  1260
           D:2 |       0 |       2 |   0.0 |       0 |       1 |   0.0 |   237
               +---------+---------+-------+---------+---------+-------+---------
